 Dungeon Crawl Stone Soup version 0.31-a0-329-g52107efa6a (webtiles) character file.

Game seed: 17175057476145382882

49862 IndexError the Thaumaturge (level 14, -5/108 HPs)
             Began as a Gnoll Ice Elementalist on July 19, 2023.
             Was a High Priest of Vehumet.
             Killed by divine providence
             ... invoked by an orc priest
              (12 damage)
             ... on level 2 of the Orcish Mines.
             The game lasted 00:55:20 (22470 turns).

IndexError the Thaumaturge (GnIE)                  Turns: 22470, Time: 00:55:21

Health: -5/108     AC: 14    Str: 11    XL:     14   Next: 52%
Magic:  36/47      EV: 18    Int: 20    God:    Vehumet [*****.]
Gold:   1284       SH: 13    Dex: 19    Spells: 8/34 levels left

rFire   + + +        Y - +9 short sword of Nemelex Xobeh's Hope {venom, Fly rN+ Str+2}
rCold   + . .        Z - +1 buckler {rC+ rF+}
rNeg    + . .        Q - +0 robe of the Shoals {+Blink rF++ Int-3}
rPois   .            R - +3 hat of Pondering {ponderous, Will+ MP+10 Int+5}
rElec   .            h - +2 cloak
rCorr   .            s - +0 pair of gloves
SInv    .            n - +2 pair of boots
Will    ++...        y - amulet of reflection
Stlth   +++++        d - ring of magical power {MP+9}
HPRegen 0.38/turn    T - +6 ring of dexterity
MPRegen 0.30/turn

%: reflection
@: flying, very slightly contaminated, slow
A: fangs 1, strong nose, distributed training
a: Renounce Religion, Evoke Blink


You were on level 2 of the Orcish Mines.
You worshipped Vehumet.
Vehumet was extremely pleased with you.
You visited 4 branches of the dungeon, and saw 18 of its levels.

You collected 1549 gold pieces.
You spent 265 gold pieces at shops.

Inventory:

Hand Weapons
 Y - the +9 short sword of Nemelex Xobeh's Hope (weapon) {venom, Fly rN+ Str+2}
   (You found it on level 5 of the Lair of Beasts)

   Str:       It affects your strength (+2).
   rN:        It protects you from negative energy.
   Fly:       It grants you flight.
Missiles
 E - 6 javelins
 F - 2 throwing nets {=f, !d}
 H - a boomerang of dispersal {=f}
 P - 3 silver javelins
 W - 2 curare-tipped darts
Armour
 h - a +2 cloak (worn)
   (You found it on level 1 of the Dungeon)
 n - a +2 pair of boots (worn)
   (You found it on level 2 of the Dungeon)
 s - a +0 pair of gloves (worn)
   (You found it on level 3 of the Dungeon)
 Q - the +0 robe of the Shoals (worn) {+Blink rF++ Int-3}
   (You found it on level 3 of the Lair of Beasts)

   Int:       It affects your intelligence (-3).
   rF:        It greatly protects you from fire.
   +Blink:    It lets you blink.
 R - the +3 hat of Pondering (worn) {ponderous, Will+ MP+10 Int+5}
   (You took it off Gastronok on level 3 of the Lair of Beasts)

   Int:       It affects your intelligence (+5).
   MP:        It affects your magic capacity (+10).
   Will:      It increases your willpower.
 Z - a +1 buckler of resistance (worn)
   (You found it on level 5 of the Lair of Beasts)
Magical Staves
 x - a staff of fire {rF+}
   (You found it on level 4 of the Dungeon)
Jewellery
 d - a ring of magical power (left hand) {MP+9}
   (You found it on level 2 of the Dungeon)
 y - an amulet of reflection (around neck)
   (You found it on level 4 of the Dungeon)
 T - a +6 ring of dexterity (right hand)
   (You found it on level 4 of the Lair of Beasts)
 U - an amulet of guardian spirit {Spirit}
   (You found it on level 5 of the Lair of Beasts)
Wands
 a - a wand of roots (16)
   (You found it on level 7 of the Dungeon)
 m - a wand of paralysis (22)
   (You found it on level 2 of the Dungeon)
 D - a wand of light (7)
   (You found it on level 5 of the Dungeon)
 I - a wand of flame (28)
   (You found it on level 8 of the Dungeon)
 L - a wand of digging (15)
   (You found it on level 10 of the Dungeon)
 V - a wand of polymorph (10)
   (You found it on level 5 of the Lair of Beasts)
Scrolls
 c - 4 scrolls of teleportation
 g - 2 scrolls of amnesia
 j - a scroll of brand weapon
 l - 2 scrolls of revelation
 o - 2 scrolls of blinking {!r}
 t - a scroll of fog
 u - a scroll of enchant weapon
 v - a scroll of summoning
 A - a scroll of immolation {!r}
 K - a scroll of vulnerability {!r!r}
 M - a scroll of fear {unknown}
 N - a scroll of poison {!r}
 S - a scroll of torment {!r}
 X - a scroll of identify
Potions
 b - 2 potions of magic
 e - a potion of degeneration {unknown}
 f - 6 potions of brilliance {unknown}
 i - 2 potions of berserk rage {unknown}
 k - 4 potions of resistance {unknown}
 p - 3 potions of lignification {unknown}
 q - a potion of haste
 r - 8 potions of curing
 w - a potion of attraction {unknown}
 z - a potion of invisibility {unknown}
 B - a potion of mutation {unknown}
 J - a potion of enlightenment
 O - 2 potions of might


   Skills:
 + Level 9.4 Fighting
 + Level 9.4 Short Blades
 + Level 9.4 Long Blades
 + Level 9.4 Axes
 + Level 9.4 Maces & Flails
 + Level 9.4 Polearms
 + Level 9.4 Staves
 + Level 9.4 Ranged Weapons
 + Level 9.4 Throwing
 + Level 9.4 Armour
 + Level 10.5 Dodging
 + Level 10.4 Stealth
 + Level 9.4 Shields
 + Level 9.4 Unarmed Combat
 + Level 10.7 Spellcasting
 + Level 7.9 Conjurations
 + Level 7.9 Hexes
 + Level 7.9 Summonings
 + Level 7.9 Necromancy
 + Level 7.9 Translocations
 + Level 7.9 Transmutations
 + Level 7.9 Fire Magic
 + Level 10.6 Ice Magic
 + Level 7.9 Air Magic
 + Level 7.9 Earth Magic
 + Level 7.9 Poison Magic
 + Level 10.3 Invocations
 + Level 9.4 Evocations
 + Level 7.9 Shapeshifting


You had 8 spell levels left.
You knew the following spells:

 Your Spells              Type           Power      Damage    Failure   Level
a - Freeze                Ice            100%       1d10      1%          1
b - Frozen Ramparts       Ice            100%       1d16      1%          3
c - Blink                 Tloc           84%        N/A       1%          2
d - Lesser Beckoning      Tloc           84%        N/A       1%          2
e - Foxfire               Conj/Fire      100%       2x1d9     1%          1
f - Irradiate             Conj/Tmut      21%        3d18      2%          5
g - Summon Mana Viper     Hex/Summ       42%        N/A       9%          5
h - Summon Lightning Spi  Summ/Air       42%        N/A       3%          4
A - Ozocubu's Armour      Ice            52%        N/A       1%          3

Your spell library contained the following spells:

 Spells                   Type           Power      Damage    Failure   Level
 Sticky Flame             Conj/Fire      42%        2d6       1%          4
 Magic Dart               Conj           100%       1d8       1%          1
 Summon Small Mammal      Summ           100%       N/A       1%          1
 Ensorcelled Hibernation  Hex/Ice        94%        N/A       1%          2
 Momentum Strike          Conj/Tloc      84%        3d10      1%          2
 Passwall                 Tmut/Erth      35%        N/A       1%          2
 Wereblood                Tmut           42%        N/A       1%          2
 Call Canine Familiar     Summ           42%        N/A       1%          3
 Dazzling Flash           Conj/Hex       84%        N/A       1%          3
 Summon Guardian Golem    Hex/Summ       42%        N/A       1%          3
 Swiftness                Air            42%        N/A       1%          3
 Summon Ice Beast         Ice/Summ       47%        N/A       1%          4
 Petrify                  Tmut/Erth      42%        N/A       3%          4
 Metabolic Englaciation   Hex/Ice        23%        N/A       4%          5
 Agony                    Necr           42%        N/A       9%          5
 Silence                  Hex/Air        21%        N/A       9%          5
 Dragon's Call            Summ           21%        N/A       100%        9


Dungeon Overview and Level Annotations

Branches:
Dungeon (10/15)            Temple (1/1) D:7            Lair (5/5) D:9
 Shoals (0/4) Lair:2        Snake (0/4) Lair:2        Slime (0/5) Lair:5
    Orc (2/2) D:9             Elf (0/3) Orc:2

Altars:
Ashenzari
Dithmenos
Elyvilon
Fedhas
Gozag
Hepliaklqana
Kikubaaqudgha
Makhleb
Nemelex Xobeh
Okawaru
Qazlal
Ru
Sif Muna
Trog
Uskayaw
Vehumet
Wu Jian
Xom
Yredelemnul
Zin
The Shining One
Jiyva

Shops:
D:3 [   D:7 *   D:9 *[(=(

Annotations:
D:8 Grum
Lair:2 2 exclusions
Orc:2 1 transporter, voshxx's ghost, journeyman TrSh


Innate Abilities, Weirdness & Mutations

You have very sharp teeth.
Your uncanny sense of smell can sniff out nearby items.
Your experience applies equally to all skills.


Message History

* * * LOW HITPOINT WARNING * * *
Barbed spikes become lodged in your body.
The orc priest looks satisfied for a moment.
An orc priest comes into view. It is wielding a +0 trident.
The orc priest calls down the wrath of Beogh upon you.
Beogh smites you!
* * * LOW HITPOINT WARNING * * *
The orc shouts! x2
You take 20 damage, and have 8/108 hp.
Casting: Foxfire (safe; 1% risk of failure)
Confirm with . or Enter, or press ? or * to list all spells.
You don't know that spell.
Casting: Foxfire (safe; 1% risk of failure)
Confirm with . or Enter, or press ? or * to list all spells.
Okay, then.
Casting: Foxfire (safe; 1% risk of failure)
Confirm with . or Enter, or press ? or * to list all spells.
You erupt in a fountain of uncontrolled magic!
The orc high priest is blasted with magical radiation!!
The orc high priest twists and deforms.
The sixfirhy is blasted with magical radiation!!
The sixfirhy disappears in a puff of smoke!
The orc is blasted with magical radiation!!
Vehumet accepts your kill.
You feel your power returning.
You are very lightly contaminated with residual magic.
You hear a shout! x2
The red devil hits you from afar with a +0 trident.
* * * LOW HITPOINT WARNING * * *
Barbed spikes become lodged in your body.
The orc high priest barely misses you.
You take 2 damage, and have 6/108 hp.
You now have 36/47 mp.
Casting: Irradiate (dangerous; 2% risk of failure)
Confirm with . or Enter, or press ? or * to list all spells.
You erupt in a fountain of uncontrolled magic!
The orc high priest is blasted with magical radiation!!!
Vehumet accepts your kill.
You feel your power returning.
The red devil disappears in a puff of smoke!
The orc is blasted with magical radiation.
The orc twists and deforms.
You are lightly contaminated with residual magic.
Your surroundings seem slightly different.
The barbs in your skin will harm you if you move.
Continue?
Okay, then.
Unknown command.
You feel better.
You regained 7 hp, and now have 14/108 hp.
You feel better.
The orc priest casts a cantrip, but nothing happens.
You regained 8 hp, and now have 22/108 hp.
You feel better.
You regained 11 hp, and now have 33/108 hp.
Casting: Irradiate (dangerous; 2% risk of failure)
Confirm with . or Enter, or press ? or * to list all spells.
You conjure some foxfire!
The orc priest begins to cast a cantrip, but forgets the words!
The orc completely misses you. The orc misses your foxfire.
You now have 37/47 mp.
Casting: Foxfire (safe; 1% risk of failure)
Confirm with . or Enter, or press ? or * to list all spells.
You conjure some foxfire!
The foxfire hits the orc!
Vehumet accepts your kill.
You feel your power returning.
The foxfire hits the orc.
The orc priest looks satisfied for a moment.
The orc priest invokes the aid of Beogh against you.
Beogh smites you!
* * * LOW HITPOINT WARNING * * *
The orc priest miscasts a cantrip.
You take 15 damage, and have 18/108 hp.
Casting: Foxfire (safe; 1% risk of failure)
Confirm with . or Enter, or press ? or * to list all spells.
You conjure some foxfire!
The foxfire hits the orc.
Vehumet accepts your kill.
You feel your power returning.
The foxfire hits the orc.
The orc priest begins to cast a cantrip, but forgets the words!
The foxfire hits the orc!
Vehumet accepts your kill.
You feel your power returning.
You regained 2 mp, and now have 39/47 mp.
Casting: Foxfire (safe; 1% risk of failure)
Confirm with . or Enter, or press ? or * to list all spells.
You conjure some foxfire!
You carefully extract the barbed spikes from your body.
The foxfire hits the warg. x2; The foxfire hits the orc.
You now have 38/47 mp.
Casting: Foxfire (safe; 1% risk of failure)
Confirm with . or Enter, or press ? or * to list all spells.
You conjure some foxfire!
You now have 37/47 mp.
Casting: Foxfire (safe; 1% risk of failure)
Confirm with . or Enter, or press ? or * to list all spells.
You conjure some foxfire!
The foxfire hits the warg but does no damage.
The foxfire hits the warg!
You block the warg's attack. The warg bites you!
* * * LOW HITPOINT WARNING * * *
An orc priest comes into view. It is wielding a +0 dagger.
The orc priest mumbles some strange prayers to Beogh against you.
Beogh smites you!
You die...

##.#.#...........................
######)..............o.......#.#
##....)##................##.
##........................#..
#......)o.................#..
##.......o...................
##..........................
####...#oo)v.........#.....
#......h@v...............
##...#.#................#
##..................).##
##..#..................#
#...###.#..##.........#. ##.##
#######........... ###
##.##.##..#. ###########


You could see a warg (ally target), 4 orc priests and an orc (ally target).

Vanquished Creatures
  Gastronok (Lair:3)
  4 hydras
  A catoblepas (Lair:5)
  Erica (D:9)
  A deep troll shaman (Lair:5)
  9 death yaks
  An orc high priest (Orc:2)
  2 skysharks
  Pikel (D:7)
  A cyclops (Orc:2)
  An orc sorcerer (Orc:1)
  A salamander (Lair:2)
  17 elephants
  An oklob plant (Lair:5)
  4 black mambas
  A merfolk siren (Lair:2)
  Joseph (D:7)
  3 rime drakes
  6 cane toads
  A kobold demonologist (D:7)
  10 komodo dragons
  2 trolls (Orc:1)
  4 polar bears
  A hornet (D:6)
  7 dream sheep (Lair:5)
  19 blink frogs
  Sigmund (D:2)
  A wyvern (Lair:3)
  Eustachio (D:3)
  4 basilisks
  40 yaks
  A steam dragon (D:6)
  2 wargs
  14 water moccasins
  13 orc warriors
  2 ice beasts
  2 black bears
  4 ogres
  16 wolves
  2 centaurs
  2 lemures (D:7)
  3 kobold brigands
  17 bullfrogs
  3 gnoll sergeants
  3 scorpions
  A howler monkey (D:9)
  3 hounds
  11 orc priests
  3 gnoll boudas
  2 sleepcaps
  4 iguanas
  25 orc wizards
  20 gnolls
  11 adders
  2 shadow imps (D:5)
  2 white imps
  2 ufetubi
  2 dart slugs
  62 orcs
  6 ball pythons
  7 bats
  6 endoplasms
  3 giant cockroaches
  12 goblins
  10 hobgoblins
  9 quokkas
  3 frilled lizards (D:1)
  16 kobolds
  3 rats (D:1)
  A butterfly (Lair:4)
458 creatures vanquished.

Vanquished Creatures (collateral kills)
  A death yak (Lair:5)
  An orc sorcerer (Orc:1)
  2 yaks (Lair:5)
  An orc warrior (Orc:1)
  An ogre (Orc:1)
  3 orc priests (Orc:2)
  2 orc wizards
  5 orcs
  43 foxfires
59 creatures vanquished.

Vanquished Creatures (others)
  An orc wizard (Orc:1)
  1342 foxfires
1343 creatures vanquished.

Grand Total: 1860 creatures vanquished

Notes
Turn   | Place    | Note
-------+----------+-------------------------------------------
     0 | D:1      | IndexError the Gnoll Ice Elementalist began the quest for
                  | the Orb.
     0 | D:1      | Reached XP level 1. HP: 13/13 MP: 6/6
   122 | D:1      | Found a faded altar of an unknown god.
   132 | D:1      | Reached XP level 2. HP: 19/19 MP: 3/7
   557 | D:1      | Reached skill level 5 in Spellcasting
   557 | D:1      | Reached XP level 3. HP: 25/25 MP: 5/9
   562 | D:1      | Learned a level 3 spell: Frozen Ramparts
   566 | D:1      | Learned a level 3 spell: Ozocubu's Armour
   745 | D:1      | Reached skill level 1 in Invocations
  1228 | D:2      | Reached skill level 1 in Fighting
  1228 | D:2      | Reached skill level 1 in Short Blades
  1228 | D:2      | Reached skill level 1 in Long Blades
  1228 | D:2      | Reached skill level 1 in Axes
  1228 | D:2      | Reached skill level 1 in Maces & Flails
  1228 | D:2      | Reached skill level 1 in Polearms
  1228 | D:2      | Reached skill level 1 in Staves
  1228 | D:2      | Reached skill level 1 in Ranged Weapons
  1228 | D:2      | Reached skill level 1 in Throwing
  1228 | D:2      | Reached skill level 1 in Armour
  1228 | D:2      | Reached skill level 1 in Shields
  1228 | D:2      | Reached skill level 1 in Unarmed Combat
  1228 | D:2      | Reached skill level 1 in Evocations
  1267 | D:2      | Reached XP level 4. HP: 31/32 MP: 7/11
  1590 | D:2      | Noticed Sigmund
  1597 | D:2      | Killed Sigmund
  1598 | D:2      | Reached skill level 1 in Conjurations
  1598 | D:2      | Reached skill level 1 in Hexes
  1598 | D:2      | Reached skill level 1 in Summonings
  1598 | D:2      | Reached skill level 1 in Necromancy
  1598 | D:2      | Reached skill level 1 in Translocations
  1598 | D:2      | Reached skill level 1 in Transmutations
  1598 | D:2      | Reached skill level 1 in Fire Magic
  1598 | D:2      | Reached skill level 1 in Air Magic
  1598 | D:2      | Reached skill level 1 in Earth Magic
  1598 | D:2      | Reached skill level 1 in Poison Magic
  1598 | D:2      | Reached skill level 2 in Invocations
  1598 | D:2      | Reached skill level 1 in Shapeshifting
  1598 | D:2      | Reached XP level 5. HP: 26/38 MP: 10/12
  1598 | D:2      | Reached XP level 6. HP: 30/44 MP: 10/13
  2333 | D:3      | Found Guibrabi's Antique Armour Shoppe.
  2923 | D:3      | Learned a level 2 spell: Blink
  3073 | D:4      | Noticed Eustachio
  3088 | D:3      | Reached skill level 2 in Fighting
  3088 | D:3      | Reached skill level 2 in Short Blades
  3088 | D:3      | Reached skill level 2 in Long Blades
  3088 | D:3      | Reached skill level 2 in Axes
  3088 | D:3      | Reached skill level 2 in Maces & Flails
  3088 | D:3      | Reached skill level 2 in Polearms
  3088 | D:3      | Reached skill level 2 in Staves
  3088 | D:3      | Reached skill level 2 in Ranged Weapons
  3088 | D:3      | Reached skill level 2 in Throwing
  3088 | D:3      | Reached skill level 2 in Armour
  3088 | D:3      | Reached skill level 5 in Dodging
  3088 | D:3      | Reached skill level 2 in Shields
  3088 | D:3      | Reached skill level 2 in Unarmed Combat
  3088 | D:3      | Reached skill level 2 in Evocations
  3145 | D:3      | Killed Eustachio
  3146 | D:3      | Reached XP level 7. HP: 49/51 MP: 14/15
  3312 | D:4      | Reached skill level 2 in Conjurations
  3312 | D:4      | Reached skill level 2 in Hexes
  3312 | D:4      | Reached skill level 2 in Summonings
  3312 | D:4      | Reached skill level 2 in Necromancy
  3312 | D:4      | Reached skill level 2 in Translocations
  3312 | D:4      | Reached skill level 2 in Transmutations
  3312 | D:4      | Reached skill level 2 in Fire Magic
  3312 | D:4      | Reached skill level 2 in Air Magic
  3312 | D:4      | Reached skill level 2 in Earth Magic
  3312 | D:4      | Reached skill level 2 in Poison Magic
  3312 | D:4      | Reached skill level 2 in Shapeshifting
  3702 | D:4      | Reached skill level 5 in Stealth
  3704 | D:4      | Reached skill level 3 in Invocations
  4078 | D:5      | Entered Level 5 of the Dungeon
  4086 | D:5      | Reached XP level 8. HP: 49/57 MP: 14/16
  4097 | D:5      | Reached skill level 3 in Fighting
  4097 | D:5      | Reached skill level 3 in Short Blades
  4097 | D:5      | Reached skill level 3 in Long Blades
  4097 | D:5      | Reached skill level 3 in Axes
  4097 | D:5      | Reached skill level 3 in Maces & Flails
  4097 | D:5      | Reached skill level 3 in Polearms
  4097 | D:5      | Reached skill level 3 in Staves
  4097 | D:5      | Reached skill level 3 in Ranged Weapons
  4097 | D:5      | Reached skill level 3 in Throwing
  4097 | D:5      | Reached skill level 3 in Armour
  4097 | D:5      | Reached skill level 3 in Shields
  4097 | D:5      | Reached skill level 3 in Unarmed Combat
  4097 | D:5      | Reached skill level 3 in Evocations
  4417 | D:5      | Reached skill level 6 in Spellcasting
  4457 | D:5      | HP: 13/58 [poisoned by a kobold brigand (curare-tipped
                  | dart)]
  4458 | D:5      | HP: 6/58 [kobold brigand/+0 dagger (2)]
  4989 | D:5      | Found an opulent altar of Gozag.
  5165 | D:5      | Found a sparkling altar of Nemelex Xobeh.
  5915 | D:6      | Noticed a hornet
  6102 | D:6      | Reached skill level 4 in Invocations
  6190 | D:6      | Reached skill level 3 in Conjurations
  6190 | D:6      | Reached skill level 3 in Hexes
  6190 | D:6      | Reached skill level 3 in Summonings
  6190 | D:6      | Reached skill level 3 in Necromancy
  6190 | D:6      | Reached skill level 3 in Translocations
  6190 | D:6      | Reached skill level 3 in Transmutations
  6190 | D:6      | Reached skill level 3 in Fire Magic
  6190 | D:6      | Reached skill level 3 in Air Magic
  6190 | D:6      | Reached skill level 3 in Earth Magic
  6190 | D:6      | Reached skill level 3 in Poison Magic
  6190 | D:6      | Reached skill level 3 in Shapeshifting
  6311 | D:6      | Reached skill level 6 in Dodging
  6321 | D:6      | Reached XP level 9. HP: 42/65 MP: 18/18
  6350 | D:6      | Killed a hornet
  6351 | D:6      | Reached skill level 4 in Fighting
  6351 | D:6      | Reached skill level 4 in Short Blades
  6351 | D:6      | Reached skill level 4 in Long Blades
  6351 | D:6      | Reached skill level 4 in Axes
  6351 | D:6      | Reached skill level 4 in Maces & Flails
  6351 | D:6      | Reached skill level 4 in Polearms
  6351 | D:6      | Reached skill level 4 in Staves
  6351 | D:6      | Reached skill level 4 in Ranged Weapons
  6351 | D:6      | Reached skill level 4 in Throwing
  6351 | D:6      | Reached skill level 4 in Armour
  6351 | D:6      | Reached skill level 4 in Shields
  6351 | D:6      | Reached skill level 4 in Unarmed Combat
  6351 | D:6      | Reached skill level 4 in Evocations
  6486 | D:6      | Got the Grimoire of the Mob
  6647 | D:6      | Reached skill level 6 in Stealth
  6647 | D:6      | Reached skill level 8 in Ice Magic
  6668 | D:6      | Found a bloodstained altar of Trog.
  7157 | D:7      | Found a radiant altar of Vehumet.
  7166 | D:7      | Got Vehumet's Almanac of Impulse
  7178 | D:7      | Found an ancient bone altar of Kikubaaqudgha.
  7200 | D:7      | Identified the +1 mace "Kuithreu" {speed, Str+6 Dex+2}
  7245 | D:7      | Noticed a +0 hand axe
  7246 | D:7      | Found a hide-covered altar of Uskayaw.
  7246 | D:7      | Noticed a +0 dagger
  7269 | D:7      | Found a staircase to the Ecumenical Temple.
  7285 | Temple   | Found a transporter.
  7285 | Temple   | Found a transporter.
  7285 | Temple   | Found a transporter.
  7285 | Temple   | Found a transporter.
  7285 | Temple   | Entered the Ecumenical Temple
  7453 | D:7      | Found a shimmering blue altar of Sif Muna.
  7461 | D:7      | Became a worshipper of Vehumet
  7531 | D:7      | Noticed Joseph
  7574 | D:7      | Killed Joseph
  7575 | D:7      | Reached skill level 5 in Invocations
  7883 | D:7      | Noticed Pikel
  7930 | D:7      | Noticed a kobold demonologist
  7952 | D:7      | Reached skill level 7 in Spellcasting
  8074 | D:7      | Learned a level 2 spell: Lesser Beckoning
  8117 | D:7      | Killed a kobold demonologist
  8118 | D:7      | Reached skill level 4 in Conjurations
  8118 | D:7      | Reached skill level 4 in Hexes
  8118 | D:7      | Reached skill level 4 in Summonings
  8118 | D:7      | Reached skill level 4 in Necromancy
  8118 | D:7      | Reached skill level 4 in Translocations
  8118 | D:7      | Reached skill level 4 in Transmutations
  8118 | D:7      | Reached skill level 4 in Fire Magic
  8118 | D:7      | Reached skill level 4 in Air Magic
  8118 | D:7      | Reached skill level 4 in Earth Magic
  8118 | D:7      | Reached skill level 4 in Poison Magic
  8118 | D:7      | Reached skill level 4 in Shapeshifting
  8118 | D:7      | Reached XP level 10. HP: 73/73 MP: 20/20
  8178 | D:7      | Killed Pikel
  8179 | D:7      | Reached skill level 5 in Fighting
  8179 | D:7      | Reached skill level 5 in Short Blades
  8179 | D:7      | Reached skill level 5 in Long Blades
  8179 | D:7      | Reached skill level 5 in Axes
  8179 | D:7      | Reached skill level 5 in Maces & Flails
  8179 | D:7      | Reached skill level 5 in Polearms
  8179 | D:7      | Reached skill level 5 in Staves
  8179 | D:7      | Reached skill level 5 in Ranged Weapons
  8179 | D:7      | Reached skill level 5 in Throwing
  8179 | D:7      | Reached skill level 5 in Armour
  8179 | D:7      | Reached skill level 5 in Shields
  8179 | D:7      | Reached skill level 5 in Unarmed Combat
  8179 | D:7      | Reached skill level 5 in Evocations
  8300 | D:7      | Found Miuwaolag's General Store.
  8409 | D:7      | Reached skill level 7 in Dodging
  8602 | D:8      | Reached * piety under Vehumet
  8602 | D:8      | Offered knowledge of Foxfire by Vehumet.
  9160 | D:8      | Found a shimmering altar of Xom.
  9249 | D:8      | You fall into a shaft and drop 2 floors!
  9249 | D:10     | Entered Level 10 of the Dungeon
  9311 | D:10     | Learned a level 1 spell: Foxfire
  9420 | D:10     | Reached skill level 6 in Invocations
  9668 | D:10     | Noticed a gargoyle
  9790 | D:9      | Found Ufaceo's General Store.
  9816 | D:9      | Found a staircase to the Orcish Mines.
  9830 | D:9      | Bought a scroll of identify for 22 gold pieces
  9830 | D:9      | Bought a potion of curing for 33 gold pieces
  9950 | D:9      | Found Ronyt's Weapon Emporium.
  9983 | D:9      | Noticed Erica
  9991 | D:9      | Killed Erica
  9992 | D:9      | Reached skill level 7 in Stealth
 10016 | D:9      | Found a staircase to the Lair.
 10048 | D:9      | Found Muzeojum's Jewellery Emporium.
 10211 | D:9      | Found Terghext's Antique Weapon Emporium.
 10498 | D:9      | Found an iron altar of Okawaru.
 10561 | D:9      | Found a glowing golden altar of the Shining One.
 10718 | D:8      | Noticed Grum
 11321 | D:9      | Found Goirele's Antique Armour Emporium.
 11325 | D:9      | Bought a pair of glowing gloves for 210 gold pieces
 11544 | Lair:1   | Entered Level 1 of the Lair of Beasts
 11738 | Lair:1   | Offered knowledge of Sandblast by Vehumet.
 11741 | Lair:1   | Reached XP level 11. HP: 51/81 MP: 12/22
 11839 | Lair:1   | Reached ** piety under Vehumet
 11849 | Lair:1   | Reached skill level 6 in Fighting
 11849 | Lair:1   | Reached skill level 6 in Short Blades
 11849 | Lair:1   | Reached skill level 6 in Long Blades
 11849 | Lair:1   | Reached skill level 6 in Axes
 11849 | Lair:1   | Reached skill level 6 in Maces & Flails
 11849 | Lair:1   | Reached skill level 6 in Polearms
 11849 | Lair:1   | Reached skill level 6 in Staves
 11849 | Lair:1   | Reached skill level 6 in Ranged Weapons
 11849 | Lair:1   | Reached skill level 6 in Throwing
 11849 | Lair:1   | Reached skill level 6 in Armour
 11849 | Lair:1   | Reached skill level 6 in Shields
 11849 | Lair:1   | Reached skill level 6 in Unarmed Combat
 11849 | Lair:1   | Reached skill level 6 in Evocations
 11964 | Lair:1   | Reached skill level 5 in Conjurations
 11964 | Lair:1   | Reached skill level 5 in Hexes
 11964 | Lair:1   | Reached skill level 5 in Summonings
 11964 | Lair:1   | Reached skill level 5 in Necromancy
 11964 | Lair:1   | Reached skill level 5 in Translocations
 11964 | Lair:1   | Reached skill level 5 in Transmutations
 11964 | Lair:1   | Reached skill level 5 in Fire Magic
 11964 | Lair:1   | Reached skill level 5 in Air Magic
 11964 | Lair:1   | Reached skill level 5 in Earth Magic
 11964 | Lair:1   | Reached skill level 5 in Poison Magic
 11964 | Lair:1   | Reached skill level 5 in Shapeshifting
 11972 | Lair:1   | Reached skill level 8 in Spellcasting
 12000 | Lair:1   | HP: 18/81 [elephant (4)]
 12005 | Lair:1   | Reached skill level 9 in Ice Magic
 12005 | Lair:1   | Reached skill level 7 in Invocations
 12007 | Lair:1   | HP: 14/82 [elephant (5)]
 12012 | Lair:1   | HP: 13/82 [elephant (1)]
 12017 | Lair:1   | Reached skill level 8 in Dodging
 12843 | Lair:2   | Reached skill level 8 in Stealth
 13265 | Lair:2   | Reached XP level 12. HP: 68/89 MP: 24/24
 13265 | Lair:2   | Offered knowledge of Ignite Poison by Vehumet.
 13266 | Lair:2   | Reached skill level 7 in Fighting
 13266 | Lair:2   | Reached skill level 7 in Short Blades
 13266 | Lair:2   | Reached skill level 7 in Long Blades
 13266 | Lair:2   | Reached skill level 7 in Axes
 13266 | Lair:2   | Reached skill level 7 in Maces & Flails
 13266 | Lair:2   | Reached skill level 7 in Polearms
 13266 | Lair:2   | Reached skill level 7 in Staves
 13266 | Lair:2   | Reached skill level 7 in Ranged Weapons
 13266 | Lair:2   | Reached skill level 7 in Throwing
 13266 | Lair:2   | Reached skill level 7 in Armour
 13266 | Lair:2   | Reached skill level 7 in Shields
 13266 | Lair:2   | Reached skill level 7 in Unarmed Combat
 13266 | Lair:2   | Reached skill level 7 in Evocations
 13507 | Lair:2   | Noticed an eight-headed hydra
 13509 | Lair:2   | Noticed a skyshark
 13576 | Lair:2   | Killed an eight-headed hydra
 13577 | Lair:2   | Reached skill level 6 in Conjurations
 13577 | Lair:2   | Reached skill level 6 in Hexes
 13577 | Lair:2   | Reached skill level 6 in Summonings
 13577 | Lair:2   | Reached skill level 6 in Necromancy
 13577 | Lair:2   | Reached skill level 6 in Translocations
 13577 | Lair:2   | Reached skill level 6 in Transmutations
 13577 | Lair:2   | Reached skill level 6 in Fire Magic
 13577 | Lair:2   | Reached skill level 6 in Air Magic
 13577 | Lair:2   | Reached skill level 6 in Earth Magic
 13577 | Lair:2   | Reached skill level 6 in Poison Magic
 13577 | Lair:2   | Reached skill level 6 in Shapeshifting
 13756 | Lair:2   | Killed a skyshark
 13757 | Lair:2   | Reached skill level 8 in Invocations
 13853 | Lair:2   | Reached *** piety under Vehumet
 13937 | Lair:2   | Reached skill level 9 in Spellcasting
 14328 | Lair:2   | Found a staircase to the Snake Pit.
 14373 | Lair:2   | HP: 12/91 [salamander/+0 halberd (15)]
 14854 | Lair:2   | Found a staircase to the Shoals.
 15127 | Lair:3   | Reached skill level 9 in Dodging
 15152 | Lair:3   | Offered knowledge of Volatile Blastmotes by Vehumet.
 15165 | Lair:3   | Noticed Gastronok
 15441 | Lair:3   | Identified the +0 robe of the Shoals {+Blink rF++ Int-3}
 15550 | Lair:3   | Killed Gastronok
 15551 | Lair:3   | Reached skill level 9 in Stealth
 16402 | Lair:4   | Reached skill level 8 in Fighting
 16402 | Lair:4   | Reached skill level 8 in Short Blades
 16402 | Lair:4   | Reached skill level 8 in Long Blades
 16402 | Lair:4   | Reached skill level 8 in Axes
 16402 | Lair:4   | Reached skill level 8 in Maces & Flails
 16402 | Lair:4   | Reached skill level 8 in Polearms
 16402 | Lair:4   | Reached skill level 8 in Staves
 16402 | Lair:4   | Reached skill level 8 in Ranged Weapons
 16402 | Lair:4   | Reached skill level 8 in Throwing
 16402 | Lair:4   | Reached skill level 8 in Armour
 16402 | Lair:4   | Reached skill level 8 in Shields
 16402 | Lair:4   | Reached skill level 8 in Unarmed Combat
 16402 | Lair:4   | Reached skill level 8 in Evocations
 16402 | Lair:4   | Reached XP level 13. HP: 50/98 MP: 26/26
 16411 | Lair:4   | HP: 24/98 [elephant (14)]
 16799 | Lair:4   | Reached **** piety under Vehumet
 16862 | Lair:4   | Offered knowledge of Fireball by Vehumet.
 16868 | Lair:4   | Reached skill level 9 in Invocations
 16914 | Lair:4   | Reached skill level 10 in Ice Magic
 17158 | Lair:4   | Reached skill level 7 in Conjurations
 17158 | Lair:4   | Reached skill level 7 in Hexes
 17158 | Lair:4   | Reached skill level 7 in Summonings
 17158 | Lair:4   | Reached skill level 7 in Necromancy
 17158 | Lair:4   | Reached skill level 7 in Translocations
 17158 | Lair:4   | Reached skill level 7 in Transmutations
 17158 | Lair:4   | Reached skill level 7 in Fire Magic
 17158 | Lair:4   | Reached skill level 7 in Air Magic
 17158 | Lair:4   | Reached skill level 7 in Earth Magic
 17158 | Lair:4   | Reached skill level 7 in Poison Magic
 17158 | Lair:4   | Reached skill level 7 in Shapeshifting
 17835 | Lair:5   | Entered Level 5 of the Lair of Beasts
 18114 | Lair:5   | Reached skill level 10 in Spellcasting
 18553 | Lair:5   | Reached ***** piety under Vehumet
 18555 | Lair:5   | Offered knowledge of Ozocubu's Refrigeration by Vehumet.
 18615 | Lair:5   | Found a viscous altar of Jiyva.
 18615 | Lair:5   | Found a staircase to the Slime Pits.
 18854 | Lair:5   | Reached skill level 10 in Dodging
 19098 | Lair:5   | HP: 12/100 [death yak (18)]
 19127 | Lair:5   | HP: 17/100 [death yak (6)]
 19156 | Lair:5   | HP: 11/100 [death yak (17)]
 19157 | Lair:5   | HP: 2/100 [death yak (9)]
 19583 | Lair:5   | Reached skill level 9 in Fighting
 19583 | Lair:5   | Reached skill level 9 in Short Blades
 19583 | Lair:5   | Reached skill level 9 in Long Blades
 19583 | Lair:5   | Reached skill level 9 in Axes
 19583 | Lair:5   | Reached skill level 9 in Maces & Flails
 19583 | Lair:5   | Reached skill level 9 in Polearms
 19583 | Lair:5   | Reached skill level 9 in Staves
 19583 | Lair:5   | Reached skill level 9 in Ranged Weapons
 19583 | Lair:5   | Reached skill level 9 in Throwing
 19583 | Lair:5   | Reached skill level 9 in Armour
 19583 | Lair:5   | Reached skill level 9 in Shields
 19583 | Lair:5   | Reached skill level 9 in Unarmed Combat
 19583 | Lair:5   | Reached skill level 9 in Evocations
 19583 | Lair:5   | Reached XP level 14. HP: 45/108 MP: 28/28
 19847 | Lair:5   | Reached skill level 10 in Stealth
 20331 | Lair:5   | Reached skill level 10 in Invocations
 20337 | Lair:5   | Learned a level 5 spell: Irradiate
 20343 | Lair:5   | Learned a level 5 spell: Summon Mana Viper
 20348 | Lair:5   | Learned a level 4 spell: Summon Lightning Spire
 20447 | Lair:5   | HP: 26/108 [death yak (13)]
 21112 | Lair:5   | Identified the +9 short sword of Nemelex Xobeh's Hope
                  | {venom, Fly rN+ Str+2}
 21329 | Orc:1    | Entered Level 1 of the Orcish Mines
 21418 | Orc:2    | Entered Level 2 of the Orcish Mines
 21470 | Orc:2    | Found a transporter.
 21476 | Orc:2    | Noticed voshxx's ghost (journeyman TrSh)
 21504 | Orc:2    | Found a staircase to the Elven Halls.
 22007 | Orc:2    | Found a burning altar of Makhleb.
 22234 | Orc:2    | Offered knowledge of Sticky Flame by Vehumet.
 22453 | Orc:2    | HP: 26/108 [sixfirhy[an orc high priest] (10)]
 22459 | Orc:2    | HP: 26/108 [orc high priest/+0 long sword (3)]
 22459 | Orc:2    | HP: 8/108 [orc priest/divine providence (9)]
 22466 | Orc:2    | HP: 18/108 [orc priest/divine providence (15)]
 22470 | Orc:2    | HP: 7/108 [warg (13)]
 22470 | Orc:2    | Killed from afar by an orc priest

Illustrated notes

Levels and vault maps discovered:
D:1:      minmay_arrival_split_and_join, layout_loops_ring,
          basic_ecumenical_altar, serial_bayou_pond_b
D:2:      layout_loops_ring, uniq_sigmund
D:3:      layout_loops_ring, serial_shops, nicolae_shop_overgrown_old_shop,
          kennysheep_cross_bottleneck
D:4:      layout_cave_pods, uniq_eustachio
D:5:      layout_cave_pods, mainiacjoe_overflow_small_starburst,
          general_overflow_altar, grunt_ministairs_4, minmay_misc_feat_alley,
          nicolae_eternal_life
D:6:      layout_basic, nicolae_overflow_crystal_walls, kennysheep_small_circle
D:7:      layout_gridville, grunt_temple_overflow_magic_moments,
          dancing_weapons_uskayaw, minmay_temple_entry_drinking_statues,
          serial_shops, nicolae_shop_waterfront, uniq_joseph, uniq_pikel
D:8:      layout_gridville, kennysheep_mini_moat, special_room
          [special_room_orc], uniq_grum
D:9:      layout_basic, grunt_temple_overflow_open, lair_entry_dummy,
          orc_0_dummy, serial_shops, nicolae_shop_advertising_works
          [nicolae_subvault_shop_adworks], nicolae_shop_tiny_glass,
          nicolae_shop_pleasant_corner_grove, nicolae_shop_real_fake_doors,
          shop, uniq_erica
D:10:     layout_basic, mainiacjoe_overflow_tiny_flanked, uniq_josephine
Temple:   hellmonk_temple_divided_pantheon
Lair:1:   layout_misc_corridors, grunt_megastairs_4, infiniplex_staircase_pool_2
Lair:2:   layout_roguey, minmay_shoals_entry_lonely_mermaid,
          nicolae_snake_entry_warm_welcome
Lair:3:   layout_cave_shapes, lemuel_fruit_tree, uniq_gastronok
Lair:4:   layout_regular_city, lemuel_fruit_fields, grunt_megastairs_3
Lair:5:   grunt_lair_end_beastmaster, layout_regular_city, slime_entry_1,
          chequers_serial_rivers_large_b
Orc:1:    layout_caves
Orc:2:    st_orc_town, layout_diamond_mine, gammafunk_ghost_stat_death,
          basic_altar

Skill      XL: |  1  2  3  4  5  6  7  8  9 10 11 12 13 14 |
---------------+-------------------------------------------+-----
Spellcasting   | 5 6 7 8 9 10 | 10.7
Invocations    | 1 2 3 4 5 6 7 8 9 10 | 10.3
Fighting       | 1 2 3 4 5 6 8 9 |  9.4
Short Blades   | 1 2 3 4 5 6 8 9 |  9.4
Long Blades    | 1 2 3 4 5 6 8 9 |  9.4
Axes           | 1 2 3 4 5 6 8 9 |  9.4
Maces & Flails | 1 2 3 4 5 6 8 9 |  9.4
Polearms       | 1 2 3 4 5 6 8 9 |  9.4
Staves         | 1 2 3 4 5 6 8 9 |  9.4
Ranged Weapons | 1 2 3 4 5 6 8 9 |  9.4
Throwing       | 1 2 3 4 5 6 8 9 |  9.4
Armour         | 1 2 3 4 5 6 8 9 |  9.4
Shields        | 1 2 3 4 5 6 8 9 |  9.4
Unarmed Combat | 1 2 3 4 5 6 8 9 |  9.4
Evocations     | 1 2 3 4 5 6 8 9 |  9.4
Conjurations   | 1 2 3 4 5 6 7 |  7.9
Hexes          | 1 2 3 4 5 6 7 |  7.9
Summonings     | 1 2 3 4 5 6 7 |  7.9
Necromancy     | 1 2 3 4 5 6 7 |  7.9
Translocations | 1 2 3 4 5 6 7 |  7.9
Transmutations | 1 2 3 4 5 6 7 |  7.9
Fire Magic     | 1 2 3 4 5 6 7 |  7.9
Air Magic      | 1 2 3 4 5 6 7 |  7.9
Earth Magic    | 1 2 3 4 5 6 7 |  7.9
Poison Magic   | 1 2 3 4 5 6 7 |  7.9
Shapeshifting  | 1 2 3 4 5 6 7 |  7.9
Dodging        | 5 6 7 8 9 10 | 10.5
Stealth        | 5 6 7 8 9 10 | 10.4
Ice Magic      | 8 9 10 | 10.6

Action                     |  1- 3 |  4- 6 |  7- 9 | 10-12 | 13-15 || total
---------------------------+-------+-------+-------+-------+-------++-------
  Melee: Club              |     4 |       |       |       |       ||     4
         Short sword       |     5 |     1 |   111 |   232 |   311 ||   660
         Dagger            |       |    14 |    27 |       |       ||    41
         Bite              |       |     1 |    22 |    29 |    54 ||   106
         Punch             |       |       |     4 |     8 |    27 ||    39
  Throw: Javelin           |       |       |     4 |       |       ||     4
   Cast: Freeze            |    44 |    29 |    70 |    87 |     7 ||   237
         Frozen Ramparts   |     1 |     4 |    20 |    40 |    30 ||    95
         Ozocubu's Armour  |       |     3 |    13 |    39 |    43 ||    98
         Foxfire           |       |       |       |   383 |   411 ||   794
         Irradiate         |       |       |       |       |    11 ||    11
         Summon Lightning  |       |       |       |       |     6 ||     6
         Summon Mana Viper |       |       |       |       |     5 ||     5
Ability: Evoke Blink       |       |       |       |       |     4 ||     4
  Evoke: Wand              |       |       |     2 |     1 |     6 ||     9
    Use: Scroll            |       |       |       |    18 |     4 ||    22
         Potion            |       |       |       |       |     3 ||     3
   Stab: Sleeping          |     1 |     6 |     6 |     4 |     6 ||    23
         Distracted        |       |       |       |     1 |       ||     1
         Petrified         |       |       |       |       |     1 ||     1
 Armour: Robe              |    12 |    22 |    43 |    27 |   143 ||   247
         Steam dragon scal |       |       |    24 |   161 |       ||   185
  Dodge: Dodged            |    35 |    26 |   118 |   284 |   254 ||   717
  Block: Other             |       |       |    39 |    80 |    75 ||   194
         Reflection        |       |       |     1 |     1 |     1 ||     3
         Buckler           |       |       |       |       |    23 ||    23

Table legend: (Time is in decaauts)
 A = Elapsed time spent in this place.
 B = Non-inter-level travel time spent in this place.
 C = Inter-level travel time spent in this place.
 D = Time resting spent in this place.
 E = Time spent auto-exploring this place.
 F = Levels seen in this place.
 G = Mean time per level.
                   A        B        C        D        E       F      G
               +--------+--------+--------+--------+--------+-----+--------+
         Total |  22614 |  20863 |   1751 |     17 |  16434 |  18 | 1256.3 |
       Dungeon |  11506 |  10301 |   1205 |      4 |   8184 |  10 | 1150.6 |
        Temple |     51 |     28 |     23 |      0 |      0 |   1 |   51.0 |
          Lair |   9864 |   9397 |    467 |     13 |   7439 |   5 | 1972.8 |
  Orcish Mines |   1191 |   1136 |     55 |      0 |    810 |   2 |  595.5 |
               +--------+--------+--------+--------+--------+-----+--------+

Top non-repeatable levels by time:
  Lair:5: 3026 daAuts
  Lair:2: 2263 daAuts
  Lair:4: 2247 daAuts
     D:5: 1720 daAuts
     D:7: 1375 daAuts
  Lair:1: 1356 daAuts
     D:6: 1260 daAuts
     D:1: 1190 daAuts
     D:8: 1188 daAuts
     D:9: 1169 daAuts
     D:2: 1009 daAuts
     D:4: 985 daAuts
     D:3: 980 daAuts
  Lair:3: 972 daAuts
    D:10: 626 daAuts

Levels and vault maps discovered:
D:1:      minmay_arrival_split_and_join, layout_loops_ring,
          basic_ecumenical_altar, serial_bayou_pond_b
D:2:      layout_loops_ring, uniq_sigmund
D:3:      layout_loops_ring, serial_shops, nicolae_shop_overgrown_old_shop,
          kennysheep_cross_bottleneck
D:4:      layout_cave_pods, uniq_eustachio
D:5:      layout_cave_pods, mainiacjoe_overflow_small_starburst,
          general_overflow_altar, grunt_ministairs_4, minmay_misc_feat_alley,
          nicolae_eternal_life
D:6:      layout_basic, nicolae_overflow_crystal_walls, kennysheep_small_circle
D:7:      layout_gridville, grunt_temple_overflow_magic_moments,
          dancing_weapons_uskayaw, minmay_temple_entry_drinking_statues,
          serial_shops, nicolae_shop_waterfront, uniq_joseph, uniq_pikel
D:8:      layout_gridville, kennysheep_mini_moat, special_room
          [special_room_orc], uniq_grum
D:9:      layout_basic, grunt_temple_overflow_open, lair_entry_dummy,
          orc_0_dummy, serial_shops, nicolae_shop_advertising_works
          [nicolae_subvault_shop_adworks], nicolae_shop_tiny_glass,
          nicolae_shop_pleasant_corner_grove, nicolae_shop_real_fake_doors,
          shop, uniq_erica
D:10:     layout_basic, mainiacjoe_overflow_tiny_flanked, uniq_josephine
Temple:   hellmonk_temple_divided_pantheon
Lair:1:   layout_misc_corridors, grunt_megastairs_4, infiniplex_staircase_pool_2
Lair:2:   layout_roguey, minmay_shoals_entry_lonely_mermaid,
          nicolae_snake_entry_warm_welcome
Lair:3:   layout_cave_shapes, lemuel_fruit_tree, uniq_gastronok
Lair:4:   layout_regular_city, lemuel_fruit_fields, grunt_megastairs_3
Lair:5:   grunt_lair_end_beastmaster, layout_regular_city, slime_entry_1,
          chequers_serial_rivers_large_b
Orc:1:    layout_caves
Orc:2:    st_orc_town, layout_diamond_mine, gammafunk_ghost_stat_death,
          basic_altar

Table legend: (Time is in decaauts)
 A = Elapsed time spent in this place.
 B = Non-inter-level travel time spent in this place.
 C = Inter-level travel time spent in this place.
 D = Time resting spent in this place.
 E = Time spent auto-exploring this place.
 F = Levels seen in this place.
 G = Mean time per level.
                   A        B        C        D        E       F      G
               +--------+--------+--------+--------+--------+-----+--------+
         Total |  22614 |  20863 |   1751 |     17 |  16434 |  18 | 1256.3 |
       Dungeon |  11506 |  10301 |   1205 |      4 |   8184 |  10 | 1150.6 |
        Temple |     51 |     28 |     23 |      0 |      0 |   1 |   51.0 |
          Lair |   9864 |   9397 |    467 |     13 |   7439 |   5 | 1972.8 |
  Orcish Mines |   1191 |   1136 |     55 |      0 |    810 |   2 |  595.5 |
               +--------+--------+--------+--------+--------+-----+--------+

Top non-repeatable levels by time:
  Lair:5: 3026 daAuts
  Lair:2: 2263 daAuts
  Lair:4: 2247 daAuts
     D:5: 1720 daAuts
     D:7: 1375 daAuts
  Lair:1: 1356 daAuts
     D:6: 1260 daAuts
     D:1: 1190 daAuts
     D:8: 1188 daAuts
     D:9: 1169 daAuts
     D:2: 1009 daAuts
     D:4: 985 daAuts
     D:3: 980 daAuts
  Lair:3: 972 daAuts
    D:10: 626 daAuts

Table legend:
 A = Kills in this place as a percentage of kills in the entire game.
 B = Kills by you in this place as a percentage of kills by you in the entire game.
 C = Kills by friends in this place as a percentage of kills by friends in the entire game.
 D = Other kills in this place as a percentage of other kills in the entire game.
 E = Experience gained in this place as a percentage of experience gained in the entire game.
 F = Experience gained in this place divided by the number of levels of this place that you have seen.
                   A       B       C       D       E      F
               +-------+-------+-------+-------+-------+----------------------
         Total | 100.0 | 100.0 | 100.0 |   N/A | 100.0 | 3957.3
       Dungeon |  47.6 |  49.2 |   0.0 |   N/A |  11.8 | 837.6
          Lair |  38.0 |  38.7 |  18.8 |   N/A |  80.3 | 11440.0
  Orcish Mines |  14.4 |  12.1 |  81.2 |   N/A |   7.9 | 2828.0
               +-------+-------+-------+-------+-------+----------------------
